 Dungeon Crawl Stone Soup version 0.29-a0-284-gf9362112df (webtiles) character file.

Game seed: 7575016596284128657

22127 RepHenryClay the Marksminotaur (level 12, -8/106 HPs)
             Began as a Minotaur Hunter on Mar 21, 2022.
             Was a High Priest of Okawaru.
             Mangled by a dire elephant simulacrum (10 damage)
             ... in an ice cave.
             The game lasted 00:35:44 (15081 turns).

RepHenryClay the Marksminotaur (Minotaur Hunter)   Turns: 15081, Time: 00:35:44

Health: -8/106     AC:  7    Str: 16    XL:     12   Next: 60%
Magic:  28/28      EV: 19    Int: 11    God:    Okawaru [*****.]
Gold:   1081       SH:  5    Dex: 19    Spells: 11/11 levels left

rFire   . . .      SeeInvis .   a - +2 shortbow
rCold   + + +      Faith    .   (shield currently unavailable)
rNeg    . . .      Spirit   .   d - +1 troll leather armour {Snorg}
rPois   .          Reflect  +   (helmet restricted)
rElec   .          Harm     .   Q - scarf {rC+ rF+}
rCorr   +          Rampage  .   G - +1 pair of gloves
Will    .....                   (no boots)
Stlth   ++........              t - amulet of reflection
HPRegen 1.07/turn               B - ring "Cepha" {Contam rC+ Will+ rCorr MP+9}
MPRegen 0.21/turn               L - ring of Cudwaih {Ice Will- rCorr Int+5}

@: hasted and slowed, studying Long Blades
A: horns 2, retaliatory headbutt
a: Renounce Religion, Heroism, Finesse, Duel


You were in an ice cave.
You worshipped Okawaru.
Okawaru was extremely pleased with you.
You visited 4 branches of the dungeon, and saw 15 of its levels.
You also visited: Ossuary and Ice Cave.

You collected 1268 gold pieces.
You spent 187 gold pieces at shops.

Inventory:

Hand Weapons
 a - a +2 shortbow (weapon)
 q - a +2 dagger of venom
Missiles
 u - 5 throwing nets
Armour
 d - a +1 troll leather armour (worn) {Snorg}
 E - +0 steam dragon scales
 G - a +1 pair of gloves (worn)
 P - a scarf of repulsion
 Q - a scarf of resistance (worn)
Jewellery
 i - a +4 ring of evasion
 p - an amulet of guardian spirit
 r - a +4 ring of protection
 t - an amulet of reflection (around neck)
 v - a +4 ring of evasion
 B - the ring "Cepha" (left hand) {Contam rC+ Will+ rCorr MP+9}
   (You took it off a centaur warrior on level 9 of the Dungeon)

   [ring of resist corrosion]

   rC:        It protects you from cold.
   MP:        It affects your magic capacity (+9).
   Contam:    It causes magical contamination when unequipped.
   rCorr:     It protects you from acid and corrosion.
   Will:      It increases your willpower.
 L - the ring of Cudwaih (right hand) {Ice Will- rCorr Int+5}
   (You found it on level 9 of the Dungeon)

   [ring of ice]

   It enhances your ice magic.
   Int:       It affects your intelligence (+5).
   rF:        It makes you vulnerable to fire.
   rC:        It protects you from cold.
   rCorr:     It protects you from acid and corrosion.
   Will:      It decreases your willpower.
Wands
 o - a wand of flame (37)
 s - a wand of mindburst (6)
 H - a wand of acid (7)
 J - a wand of polymorph (7)
 O - a wand of paralysis (4)
Scrolls
 c - 3 scrolls of immolation
 e - 3 scrolls of identify {@r1}
 j - a scroll of fear {unknown}
 l - 2 scrolls of teleportation
 w - 2 scrolls of fog
 x - a scroll of silence {unknown}
 y - a scroll of enchant weapon
 z - 3 scrolls of amnesia
 C - a scroll of noise {unknown}
 D - a scroll of summoning {unknown}
 F - 4 scrolls of magic mapping
 M - a scroll of vulnerability {unknown}
 N - 3 scrolls of holy word {unknown}
Potions
 b - 3 potions of brilliance
 f - a potion of cancellation
 g - 2 potions of haste
 h - a potion of flight
 k - 4 potions of curing
 m - a potion of ambrosia
 n - a potion of degeneration
 A - 4 potions of attraction
 I - 2 potions of lignification
 K - 2 potions of berserk rage


   Skills:
 + Level 9.8 Fighting
 - Level 16.0 Bows
 + Level 10.9 Dodging
 - Level 1.4 Stealth
 + Level 10.9 Invocations


You had 11 spell levels left.
You didn't know any spells.
Your spell library contained the following spells:

 Spells                   Type           Power      Damage    Failure   Level
 Apportation              Tloc           0%         N/A       41%         1
 Magic Dart               Conj           0%         1d3       41%         1
 Sandblast                Erth           0%         2d4       41%         1
 Blink                    Tloc           0%         N/A       54%         2
 Ensorcelled Hibernation  Hex/Ice        0%         N/A       54%         2
 Passwall                 Tmut/Erth      0%         N/A       54%         2
 Sublimation of Blood     Necr           0%         N/A       54%         2
 Wereblood                Tmut           0%         N/A       54%         2
 Gell's Gravitas          Tloc           0%         N/A       78%         3
 Lesser Beckoning         Tloc           0%         N/A       78%         3
 Mephitic Cloud           Conj/Pois/Air  0%         N/A       78%         3
 Ozocubu's Armour         Ice            0%         N/A       78%         3
 Swiftness                Air            0%         N/A       78%         3
 Teleport Other           Tloc           0%         N/A       78%         3
 Manifold Assault         Tloc           0%         N/A       100%        5
 Ozocubu's Refrigeration  Ice            0%         4d5       100%        7
 Shatter                  Erth           0%         3d5*      100%        9
 Animate Skeleton         Necr           Unusable   N/A       N/A         1
 Summon Small Mammal      Summ           Unusable   N/A       N/A         1
 Call Imp                 Summ           Unusable   N/A       N/A         2
 Call Canine Familiar     Summ           Unusable   N/A       N/A         3
 Summon Guardian Golem    Hex/Summ       Unusable   N/A       N/A         3
 Animate Armour           Summ/Erth      Unusable   N/A       N/A         4
 Summon Mana Viper        Hex/Summ       Unusable   N/A       N/A         5
 Summon Hydra             Summ           Unusable   N/A       N/A         7

Dungeon Overview and Level Annotations

Branches:
Dungeon (12/15)            Temple (1/1) D:7            Lair (1/6) D:11
    Orc (1/2) D:11        Ossuary (visited)           IceCv (1/1)

Altars:
Ashenzari
Cheibriados
Elyvilon
Makhleb
Nemelex Xobeh
Okawaru
Qazlal
Ru
Sif Muna
Trog
Vehumet
Wu Jian
Xom
Yredelemnul
Zin
The Shining One

Shops:
D:8 [

Annotations:
IceCv exclusion: ice statue


Innate Abilities, Weirdness & Mutations

You have a pair of horns on your head.
You reflexively headbutt those who attack you in melee.


Message History

Aim: a dire elephant simulacrum (severely damaged, 98% to hit)
You shoot an arrow.
The arrow hits the dire elephant simulacrum but does no damage.
The dire elephant simulacrum is severely damaged.
The dire elephant simulacrum closely misses you.
The dire elephant simulacrum trunk-slaps you!
* * * LOW HITPOINT WARNING * * *
The dire elephant simulacrum freezes you!
You resist.
* * * LOW HITPOINT WARNING * * *
Huge Dmg: -13%(-14hp) hp: 27%(28hp) Unknown command.
Okay, then.
Unknown command.
Shoot: a) +2 shortbow
Press: ? - help, Q - select action, (/) - cycle Shift-Dir - straight line, f - dire elephant simulacrum, p - dire elephant simulacrum
Aim: a dire elephant simulacrum (98% to hit)
You shoot an arrow.
The arrow hits the dire elephant simulacrum but does no damage.
The dire elephant simulacrum is severely damaged.
The dire elephant simulacrum tramples you!!
* * * LOW HITPOINT WARNING * * *
You hold your ground!
The dire elephant simulacrum trunk-slaps you.
* * * LOW HITPOINT WARNING * * *
The dire elephant simulacrum freezes you.
You resist.
* * * LOW HITPOINT WARNING * * *
Huge Dmg: -27%(-28hp) hp: 1%(1hp) Unknown command.
Unknown command.
Okay, then.
Okay, then.
You feel yourself speed up.
The dire elephant simulacrum misses you.
You furiously retaliate!
You headbutt the dire elephant simulacrum, but do no damage.
The dire elephant simulacrum completely misses you.
The dire elephant simulacrum tramples you!
You die...

##.##≈≈#≈≈##.#
#...##≈##≈#..#
#..#..######..#
#..###.#.#.#...#
.Z.. #..#..#...#
.....
##..##...##
..... #Z###..##
.... ##Z##.##
.... #@##..#
##.##.##
##.##..##
##.####..# #.##
##.# ##.#####.#
#.#.#(#.#
##......#
#.#.⌠..#


You could see 2 dire elephant simulacra.

Vanquished Creatures
  Snorg (D:11)
  Erolcha (D:11)
  A hydra (D:11)
  3 two-headed ogres
  A centaur warrior (D:9)
  An orc high priest (Orc:1)
  2 bog bodies (IceCv)
  Pikel (D:5)
  An orc knight (Orc:1)
  A cyclops (D:9)
  Maggie (D:7)
  A cane toad (D:11)
  Psyche (D:10)
  A komodo dragon (D:11)
  A freezing wraith (IceCv)
  An ice devil (IceCv)
  A troll (D:9)
  Grinder (D:6)
  3 hornets
  2 slime creatures (D:9)
  A wraith (D:9)
  A shadow (D:11)
  A basilisk (D:11)
  A wyvern (D:8)
  14 yaks
  9 vampire mosquitoes
  3 wargs (D:11)
  A harpy simulacrum (IceCv)
  2 acid dragons (D:10)
  3 water moccasins
  10 orc warriors
  4 ice beasts
  3 black bears
  An ogre (Orc:1)
  3 sky beasts
  5 centaurs
  2 phantoms (D:11)
  3 gnoll sergeants
  2 kobold brigands
  6 bullfrogs
  A scorpion (D:5)
  2 necrophages
  2 cane toad simulacra (IceCv)
  4 two-headed ogre simulacra (IceCv)
  9 wights
  A troll zombie (D:11)
  2 elephant simulacra (IceCv)
  8 killer bees
  An electric eel (D:9)
  6 howler monkeys
  6 hounds
  14 orc priests
  3 gnoll shamans
  Jessica (D:2)
  5 iguanas
  12 orc wizards
  Natasha (thrice) (D:4)
  3 polar bear simulacra (IceCv)
  7 spriggan simulacra (IceCv)
  5 troll simulacra (IceCv)
  4 wolf simulacra (IceCv)
  5 ogre zombies (D:11)
  8 mummies (Ossuary)
  24 gnolls
  4 river rats (D:7)
  4 adders
  3 naga simulacra (IceCv)
  7 white imps (IceCv)
  A howler monkey simulacrum (D:9)
  11 ufetubi
  3 worms
  2 dart slugs
  44 orcs
  2 ball pythons
  5 bats
  6 endoplasms
  18 giant cockroaches
  7 goblins
  15 hobgoblins
  11 jackals
  7 quokkas
  3 frilled lizards
  2 gnoll zombies (Ossuary)
  2 goblin skeletons (D:11)
  3 goblin zombies (D:11)
  2 hobgoblin zombies (Ossuary)
  19 kobolds
  3 kobold zombies (Ossuary)
  An orc skeleton (D:11)
  14 orc zombies
  9 rats
  A rat zombie (D:5)
446 creatures vanquished.

Vanquished Creatures (others)
  4 fungi (D:6)
  54 plants (D:7)
58 creatures vanquished.

Grand Total: 504 creatures vanquished

Notes
Turn   | Place    | Note
-------+----------+-------------------------------------------
     0 | D:1      | RepHenryClay the Minotaur Hunter began the quest for the
                  | Orb.
     0 | D:1      | Reached XP level 1. HP: 18/18 MP: 0/0
    59 | D:1      | Reached skill level 1 in Stealth
    86 | D:1      | Reached XP level 2. HP: 25/25 MP: 1/1
   287 | D:1      | Reached XP level 3. HP: 31/31 MP: 2/2
   678 | D:2      | Found a faded altar of an unknown god.
   893 | D:2      | Reached skill level 5 in Bows
  1148 | D:2      | Noticed Jessica
  1154 | D:2      | Killed Jessica
  1155 | D:2      | Reached XP level 4. HP: 17/38 MP: 3/3
  1949 | D:3      | Reached skill level 6 in Bows
  1949 | D:3      | Reached XP level 5. HP: 32/45 MP: 2/4
  2076 | D:3      | Found a basalt altar of Yredelemnul.
  2077 | D:3      | Found a sparkling altar of Nemelex Xobeh.
  2077 | D:3      | Found a burning altar of Makhleb.
  2080 | D:3      | Found a glowing silver altar of Zin.
  2080 | D:3      | Found a snail-covered altar of Cheibriados.
  2082 | D:3      | Found a stormy altar of Qazlal.
  2086 | D:3      | Found a sacrificial altar of Ru.
  2214 | D:3      | Reached skill level 14 in Bows
  2214 | D:3      | Reached XP level 6. HP: 32/51 MP: 5/5
  2849 | D:4      | Reached XP level 7. HP: 57/57 MP: 6/6
  2852 | D:4      | You fall into a shaft and drop 3 floors!
  2856 | D:7      | Found an ornate altar of the Wu Jian Council.
  2859 | D:7      | Noticed Maggie
  3173 | D:5      | Entered Level 5 of the Dungeon
  3221 | D:5      | Noticed Pikel
  3228 | D:5      | Killed Pikel
  3229 | D:5      | Reached skill level 15 in Bows
  3229 | D:5      | Reached XP level 8. HP: 63/63 MP: 7/7
  3368 | D:5      | Reached skill level 16 in Bows
  3397 | D:5      | Found a sand-covered staircase.
  3404 | Ossuary  | Entered an ossuary
  3484 | Ossuary  | Reached XP level 9. HP: 69/69 MP: 8/8
  3908 | D:4      | Noticed Natasha
  3910 | D:4      | Killed Natasha
  3982 | D:4      | Noticed Natasha
  3987 | D:4      | Killed Natasha
  4080 | D:4      | Noticed Natasha
  4088 | D:4      | Killed Natasha
  4545 | D:5      | Reached skill level 5 in Dodging
  4789 | D:6      | Noticed Grinder
  4789 | D:6      | Paralysed by Grinder for 4 turns
  4809 | D:6      | Killed Grinder
  5289 | D:6      | Found a radiant altar of Vehumet.
  5401 | D:6      | Found a shimmering blue altar of Sif Muna.
  5529 | D:7      | Found a staircase to the Ecumenical Temple.
  5537 | Temple   | Entered the Ecumenical Temple
  5553 | Temple   | Became a worshipper of Warmaster Okawaru
  5692 | D:7      | Reached skill level 1 in Invocations
  6296 | D:7      | Killed Maggie
  6296 | D:7      | Reached * piety under Okawaru
  6297 | D:7      | Reached XP level 10. HP: 72/77 MP: 11/11
  6611 | D:7      | Reached skill level 5 in Invocations
  6946 | D:8      | Reached ** piety under Okawaru
  7494 | D:8      | Found Bexestoy's Antique Armour Boutique.
  7507 | D:8      | Bought a pair of embroidered gloves for 187 gold pieces
  8286 | D:9      | Reached *** piety under Okawaru
  8376 | D:9      | Noticed a cyclops
  8385 | D:9      | Killed a cyclops
  8875 | D:9      | Received a gift from Okawaru
  8876 | D:9      | Reached XP level 11. HP: 52/83 MP: 15/15
  9106 | D:9      | Identified the ring "Cepha" {Contam rC+ Will+ rCorr MP+9}
  9106 | D:9      | Noticed a centaur warrior
  9124 | D:9      | Killed a centaur warrior
 10015 | D:9      | Reached skill level 5 in Fighting
 10186 | D:9      | Identified the +4 long sword of True Grit {spect, Int+3}
 10187 | D:9      | Identified the ring of Cudwaih {Ice Will- rCorr Int+5}
 10193 | D:9      | Got the Grimoire of Ashen Curses
 10309 | D:10     | Entered Level 10 of the Dungeon
 10575 | D:10     | Noticed a two-headed ogre
 10585 | D:10     | Killed a two-headed ogre
 10585 | D:10     | Reached **** piety under Okawaru
 10825 | D:10     | Noticed Psyche
 11391 | D:10     | Killed Psyche
 12435 | D:11     | Found a staircase to the Orcish Mines.
 12531 | D:11     | Received a gift from Okawaru
 12956 | D:11     | Noticed Snorg
 12977 | D:11     | Killed Snorg
 13313 | D:11     | Found a staircase to the Lair.
 13324 | D:11     | Noticed a two-headed ogre
 13325 | D:11     | Noticed a two-headed ogre
 13354 | D:11     | Killed a two-headed ogre
 13354 | D:11     | Received a gift from Okawaru
 13361 | D:11     | Killed a two-headed ogre
 13362 | D:11     | Reached XP level 12. HP: 80/101 MP: 18/18
 13660 | Orc:1    | Entered Level 1 of the Orcish Mines
 13852 | Orc:1    | Noticed Erolcha
 13857 | Orc:1    | Reached skill level 10 in Invocations
 13999 | D:11     | Killed Erolcha
 13999 | D:11     | Reached ***** piety under Okawaru
 14000 | D:11     | Reached skill level 10 in Dodging
 14064 | Orc:1    | Noticed an orc high priest
 14151 | Orc:1    | Killed an orc high priest
 14295 | Lair:1   | Entered Level 1 of the Lair of Beasts
 14295 | Lair:1   | Noticed a four-headed hydra
 14295 | Lair:1   | Found a frozen archway.
 14319 | D:11     | Killed a four-headed hydra
 14387 | IceCv    | Entered an ice cave
 14978 | IceCv    | Received a gift from Okawaru
 15080 | IceCv    | HP: 4/106 [dire elephant simulacrum (5)]
 15080 | IceCv    | HP: 1/106 [dire elephant simulacrum (3)]
 15081 | IceCv    | Mangled by a dire elephant simulacrum

Illustrated notes

Levels and vault maps discovered:
D:1:      lightli_arrival_flooded_house, layout_rooms
D:2:      layout_loops_corners, shapermc_ecumenical_altar_notcrosses,
          uniq_jessica
D:3:      minmay_roachtagon, layout_rooms, grunt_temple_overflow_open, hex_tiny,
          chequers_decorated_corner, minmay_circle_x
D:4:      layout_cave_pools, gup_sewer_entry_spiral, uniq_natasha
D:5:      layout_rooms, enter_ossuary_3, minmay_manual_moon, uniq_pikel
D:6:      layout_rooms, nicolae_vehumet_altar_sigil,
          mainiacjoe_overflow_chevrons, uniq_grinder
D:7:      wad_woods_stonehenge, layout_basic, minmay_temple_entry_large_hall,
          feat_on_display, uniq_maggie
D:8:      layout_cave_pods, serial_shops, nicolae_shop_statue_plus
D:9:      minmay_the_grid_square_5x5_3x3 [minmay_the_grid_square_5x5_slash,
          minmay_the_grid_square_5x5_bridge, minmay_the_grid_square_5x5_longway,
          minmay_the_grid_square_5x5_half_checkered,
          minmay_the_grid_square_5x5_megaprize_diamond,
          minmay_the_grid_square_5x5_eight,
          minmay_the_grid_square_5x5_two_walls_b,
          minmay_the_grid_square_5x5_moneybag,
          minmay_the_grid_square_5x5_seven], layout_basic, chequers_garden,
          lightli_minifort
D:10:     layout_irregular_city, uniq_psyche
D:11:     layout_loops_ring, erik_lair_orcish_takeover, zombieorc1_lemuel,
          uniq_snorg
D:12:     layout_basic, serial_rivers, chequers_serial_rivers_micro_a,
          chequers_serial_rivers_micro_e, chequers_serial_rivers_large_a,
          chequers_serial_rivers_micro_e, chequers_serial_rivers_small_3,
          uniq_rupert
Temple:   dshaligram_water_room_temple
Lair:1:   layout_layer_cave, gammafunk_ghost_split,
          portal_ice_cave_entry_pillars_1, beast_lair_carwin_8,
          grunt_megastairs_4, serial_bayou_shore_b, lemuel_fruit_fields,
          uniq_sonja
Orc:1:    layout_diamond_mine, david_defended_altar_orc, uniq_erolcha,
          uniq_fannar
IceCv:    ice_cave_caverns_02

Skill      XL: |  1  2  3  4  5  6  7  8  9 10 11 12 |
---------------+-------------------------------------+-----
Stealth        | 1 |  1.4
Fighting       | 3 7 9 |  9.8
Bows           | 5 6 14 15 16 | 16.0
Dodging        | 3 6 7 9 10 | 10.9
Invocations    | 3 7 9 10 | 10.9

Action                   |  1- 3 |  4- 6 |  7- 9 | 10-12 || total
-------------------------+-------+-------+-------+-------++-------
Melee: Shortbow          |       |       |       |     1 ||     1
       Headbutt          |       |       |       |     1 ||     1
 Fire: Shortbow          |   104 |   165 |   419 |  1235 ||  1923
Invok: Heroism           |       |       |       |    16 ||    16
       Finesse           |       |       |       |     1 ||     1
Evoke: Wand              |       |       |       |     1 ||     1
  Use: Potion            |       |     3 |     8 |     7 ||    18
       Scroll            |       |       |    11 |     7 ||    18
Armor: Leather armour    |     7 |       |       |       ||     7
       Scale mail        |       |    18 |       |       ||    18
       Ring mail         |       |     5 |    43 |       ||    48
       Steam dragon scal |       |       |       |    55 ||    55
       Troll leather arm |       |       |       |    37 ||    37
Dodge: Dodged            |    33 |    40 |   132 |   427 ||   632
Block: Other             |       |     1 |    32 |   114 ||   147
       Reflection        |       |       |       |     5 ||     5

Table legend: (Time is in decaauts)
 A = Elapsed time spent in this place.
 B = Non-inter-level travel time spent in this place.
 C = Inter-level travel time spent in this place.
 D = Time resting spent in this place.
 E = Time spent auto-exploring this place.
 F = Levels seen in this place.
 G = Mean time per level.
                   A        B        C        D        E       F      G
               +--------+--------+--------+--------+--------+-----+--------+
         Total |  14750 |  14071 |    679 |   2432 |   8495 |  17 |  867.6 |
       Dungeon |  13335 |  12682 |    653 |   2209 |   7970 |  12 | 1111.2 |
        Temple |    140 |    125 |     15 |     97 |      0 |   1 |  140.0 |
          Lair |     27 |     27 |      0 |      0 |      0 |   1 |   27.0 |
  Orcish Mines |    390 |    380 |     10 |     12 |    128 |   1 |  390.0 |
       Ossuary |    186 |    186 |      0 |      0 |    111 |   1 |  186.0 |
      Ice Cave |    670 |    670 |      0 |    113 |    286 |   1 |  670.0 |
               +--------+--------+--------+--------+--------+-----+--------+

Top non-repeatable levels by time:
     D:9: 2966 daAuts
    D:11: 1678 daAuts
     D:2: 1355 daAuts
    D:10: 1222 daAuts
     D:6: 1120 daAuts
     D:5: 987 daAuts
     D:8: 921 daAuts
     D:7: 915 daAuts
     D:3: 800 daAuts
     D:4: 725 daAuts
   IceCv: 670 daAuts
     D:1: 640 daAuts
   Orc:1: 390 daAuts
 Ossuary: 186 daAuts
  Temple: 140 daAuts
